 Dungeon Crawl Stone Soup version 0.22-a0-281-g2e20325899 (webtiles) character file.

2328 Ikesh the Stinger (level 9, -7/73 HPs)
             Began as a Naga Venom Mage on Mar 17, 2018.
             Was a Priest of Nemelex Xobeh.
             Killed from afar by Prince Ribbit the lindwurm (shapeshifter) (39 damage)
             ... with a blast of flame
             ... on level 7 of the Dungeon.
             The game lasted 00:39:21 (7244 turns).

Ikesh the Stinger (Naga Venom Mage)                 Turns: 7244, Time: 00:39:22

Health: -7/73      AC:  5    Str: 10    XL:     9   Next: 42%
Magic:  5/16       EV: 11    Int: 19    God:    Nemelex Xobeh [***...]
Gold:   373        SH:  0    Dex: 18    Spells: 8/17 levels left

rFire    . . .     SeeInvis +   m - +4 quarterstaff (chaos)
rCold    + . .     Gourm    .   (shield currently unavailable)
rNeg     . . .     Faith    .   a - +0 robe
rPois    +         Spirit   .   A - +0 helmet
rElec    .         Reflect  .   s - scarf {repulsion}
rCorr    .         Harm     .   (no gloves)
MR       +....                  (no barding)
Stlth    +++.......             (no amulet)
HPRegen  0.22/turn              l - +6 ring of dexterity
MPRegen  0.15/turn              q - ring of protection from cold

@: very slightly contaminated, drained, repel missiles, very slow
A: large, see invisible, deformed body, poison resistance, slowness 2, slow
metabolism 1, spit poison 1, AC +3
a: Spit Poison, Triple Draw, Renounce Religion


You were on level 7 of the Dungeon.
You worshipped Nemelex Xobeh.
Nemelex Xobeh was most pleased with you.
You were not hungry.

You visited 1 branch of the dungeon, and saw 7 of its levels.
You also visited: Sewer.

You collected 373 gold pieces.

Inventory:

Hand Weapons
 m - a +4 quarterstaff of chaos (weapon)
 v - a +2 dagger of holy wrath
Armour
 a - a +0 robe (worn)
 r - a +0 cloak
 s - a scarf of repulsion (worn)
 A - a +0 helmet (worn)
Jewellery
 l - a +6 ring of dexterity (left hand)
 q - a ring of protection from cold (right hand)
Wands
 k - a wand of iceblast (8)
 x - a wand of enslavement (2)
 y - a wand of paralysis (13)
Scrolls
 d - 3 scrolls of remove curse
 e - a scroll of magic mapping
 h - a scroll of teleportation
 j - 3 scrolls of amnesia
 o - a scroll of fog
 p - a scroll of immolation
 w - 3 scrolls of blinking
 C - a scroll of fear {unknown}
Potions
 b - 4 potions of heal wounds
 f - 2 potions of flight
 g - 2 potions of curing {unknown}
 t - a potion of brilliance
 B - a potion of mutation {unknown}
Miscellaneous
 i - a plain deck of escape
 n - a plain deck of summoning {drawn: 3}
 z - a plain deck of escape
Comestibles
 c - 14 rations
 u - 3 chunks of flesh


   Skills:
 + Level 2.1(1.7) Fighting
   Level 0.2(3.7) Polearms
 * Level 6.5(6.2) Staves
 + Level 2.6(2.3) Dodging
 + Level 4.9(4.5) Stealth
 + Level 4.7(4.3) Spellcasting
 + Level 1.0(0.6) Conjurations
 + Level 3.6(3.3) Air Magic
 + Level 7.9(7.5) Poison Magic
 * Level 4.5(4.1) Invocations
 + Level 1.0(0.7) Evocations


You had 8 spell levels left.
You knew the following spells:

 Your Spells              Type           Power        Failure   Level  Hunger
a - Olgreb's Toxic Radia  Pois           ####....     6%          4    ####...
b - Poisonous Vapours     Pois/Air       ###...       2%          2    #......
c - Mephitic Cloud        Conj/Pois/Air  ###.....     9%          3    ###....


Dungeon Overview and Level Annotations

Branches:
Dungeon (7/15)             Temple (0/1) D:4

Altars:
Ashenzari
Nemelex Xobeh
The Shining One

Shops:
D:4 (   D:5 [   D:6 *

Annotations:
D:5 FollowTheCloud's ghost, novice GrFi
D:7 Prince Ribbit


Innate Abilities, Weirdness & Mutations

You cannot wear boots.
Your serpentine skin is tough. (AC +3)
You have supernaturally acute eyesight. (SInv)
Armour fits poorly on your strangely shaped body.
Your system is resistant to poisons. (rPois)
You cover ground very slowly.
You have a slow metabolism.
You can spit poison.


Message History

Your ufetubus barely misses Prince Ribbit.
Your ufetubus hits Prince Ribbit but does no damage. x4
What are your orders? t - Shout!
Orders for allies: a - Attack new target. p - Attack previous target. r - Retreat! s - Stop attacking. g - Guard the area. f - Follow me.
Anything else - Cancel.
Gang up on whom?
Press: ? - help, Dir - move target cursor, f/p - Prince Ribbit
Aim: Prince Ribbit the lindwurm shaped shifter (moderately wounded) Attack!
Prince Ribbit breathes flames at you. The blast of flame hits your ufetubus.
Your ufetubus is burned terribly!
Your ufetubus dies!
The blast of flame hits you!
Ouch! That really hurt!
You die...
Your body disappears without a glow.

......##.......#....#.# ....
...............# #.##.# ......
......###......###[.#.##......
.........####.................
......##.# #..?###.#.##......
.).<.....# #...# #...##......
..)...##.####...###...........
.).........)......#.....######
......###.......@....>..#####
.###### #......R.5#....))...#
. #.......k3#.........# .
#......###5#...._....# .
#......###.###.......# .
#.......#.............# .
#.....[.#.............# ...
#...........### #...........#


You could see Prince Ribbit the lindwurm shaped shifter, a friendly rakshasa, a
friendly ynoxinul and 2 friendly ufetubi.

Vanquished Creatures
  Duvessa (D:7)
  2 orc warriors (D:6)
  2 sky beasts (D:5)
  An ice beast (D:6)
  3 ogres
  A centaur (D:5)
  A big kobold (Sewer)
  2 bullfrogs (D:6)
  Dowan (D:7)
  4 scorpions
  A howler monkey (D:5)
  3 crimson imps
  A bullfrog zombie (D:5)
  2 jellies (D:6)
  4 orc priests
  2 hounds
  2 iguanas (D:6)
  Crazy Yiuf (D:2)
  Ijyb (D:5)
  4 orc wizards
  3 worker ants
  A hound skeleton (D:4)
  A gnoll (D:4)
  4 adders
  2 oozes
  An adder skeleton (D:4)
  5 worms
  2 dart slugs
  8 leopard geckos
  17 orcs
  3 ball pythons
  5 giant cockroaches
  9 goblins
  9 hobgoblins
  21 jackals
  10 kobolds
  2 quokkas
  7 bats
  4 frilled lizards
  13 rats
166 creatures vanquished.

Vanquished Creatures (collateral kills)
  An orc priest (D:4)
  2 orc wizards
  3 gnolls (D:4)
  2 orcs (D:5)
8 creatures vanquished.

Vanquished Creatures (others)
  A bullfrog (D:6)
1 creature vanquished.

Grand Total: 175 creatures vanquished

Notes
Turn   | Place    | Note
-------+----------+-------------------------------------------
     0 | D:1      | Ikesh the Naga Venom Mage began the quest for the Orb.
     0 | D:1      | Reached XP level 1. HP: 15/15 MP: 3/3
   130 | D:1      | Reached XP level 2. HP: 20/22 MP: 0/5
   134 | D:1      | Learned a level 2 spell: Poisonous Vapours
   382 | D:1      | Reached XP level 3. HP: 12/28 MP: 1/6
  1398 | D:2      | Found a runed door.
  1406 | D:2      | Learned a level 3 spell: Mephitic Cloud
  1406 | D:2      | Noticed Crazy Yiuf
  1417 | D:2      | Killed Crazy Yiuf
  1417 | D:2      | Reached skill level 5 in Poison Magic
  1417 | D:2      | Reached XP level 4. HP: 24/36 MP: 2/7
  1554 | D:2      | Found a sparkling altar of Nemelex Xobeh.
  1562 | D:2      | Became a worshipper of Nemelex Xobeh the Trickster
  1580 | D:2      | Received a gift from Nemelex Xobeh
  2215 | D:3      | Reached skill level 1 in Staves
  2247 | D:3      | Reached skill level 1 in Air Magic
  2319 | D:3      | Reached XP level 5. HP: 42/42 MP: 5/8
  2662 | D:3      | Reached * piety under Nemelex Xobeh
  2808 | D:3      | Noticed an ogre
  2815 | D:3      | Killed an ogre
  2815 | D:3      | Reached skill level 1 in Invocations
  2815 | D:3      | Reached XP level 6. HP: 50/50 MP: 2/10
  3165 | D:3      | Found a faded altar of an unknown god.
  3640 | D:4      | Reached skill level 6 in Poison Magic
  3670 | D:4      | Received a gift from Nemelex Xobeh
  3684 | D:4      | Found a glowing golden altar of the Shining One.
  3730 | D:4      | Found Yckonoc's Weapon Boutique.
  3918 | D:4      | Reached XP level 7. HP: 55/56 MP: 6/11
  4090 | D:4      | Reached ** piety under Nemelex Xobeh
  4303 | D:4      | Found a staircase to the Ecumenical Temple.
  4420 | D:5      | Entered Level 5 of the Dungeon
  4420 | D:5      | Found Toasuvis's Armour Shop.
  4427 | D:5      | Reached skill level 1 in Fighting
  4672 | D:5      | Reached XP level 8. HP: 24/64 MP: 11/13
  4812 | D:5      | Found a shattered altar of Ashenzari.
  4831 | D:5      | Reached skill level 7 in Poison Magic
  4889 | D:5      | Found a glowing drain.
  4893 | Sewer    | Entered a sewer
  4928 | Sewer    | Received a gift from Nemelex Xobeh
  5078 | Sewer    | Found a glowing silver altar of Zin.
  5216 | D:5      | Reached skill level 5 in Staves
  5258 | D:5      | Noticed Ijyb
  5266 | D:5      | Killed Ijyb
  5598 | D:5      | Noticed FollowTheCloud's ghost (novice GrFi)
  6066 | D:6      | Found Ijedopot's Elemental Accessories.
  6101 | D:6      | Reached *** piety under Nemelex Xobeh
  6327 | D:6      | Reached XP level 9. HP: 57/73 MP: 15/15
  6978 | D:6      | Learned a level 4 spell: Olgreb's Toxic Radiance
  7187 | D:7      | Found a shattered altar of Ashenzari.
  7188 | D:7      | Noticed Dowan
  7196 | D:7      | Noticed Duvessa
  7201 | D:7      | Killed Dowan
  7201 | D:7      | Reached skill level 1 in Evocations
  7210 | D:7      | Killed Duvessa
  7220 | D:7      | Noticed Prince Ribbit
  7228 | D:7      | Noticed Prince Ribbit
  7228 | D:7      | Prince Ribbit changed into Prince Ribbit the raiju
  7228 | D:7      | Noticed Prince Ribbit
  7228 | D:7      | Prince Ribbit the raiju changed into Prince Ribbit the wind drake
  7230 | D:7      | Noticed Prince Ribbit
  7230 | D:7      | Prince Ribbit the wind drake changed into Prince Ribbit the lindwurm
  7244 | D:7      | Killed from afar by Prince Ribbit the lindwurm (shapeshifter)

Vault maps used:
D:1:      matt_arrival_diagonals, lemuel_flame_loot_1
D:2:      nemelex_xobeh_ov_fountains_minmay, grunt_ministairs_6,
          uniq_crazy_yiuf_cottage
D:3:      chequers_ecumenical_altar_simple, first_ration
D:4:      lemuel_temple_firewalk_a, serial_shops, nicolae_shop_behind_doors,
          tso_altar
D:5:      basic_altar, gup_sewer_entry_bowl, serial_shops, shop, uniq_ijyb
D:6:      nicolae_elemental_shop
D:7:      basic_altar, the_bakery, uniq_duvessa, uniq_prince_ribbit1
Sewer:    sewer_kobolds

Skill      XL: |  1  2  3  4  5  6  7  8  9 |
---------------+----------------------------+-----
Poison Magic   | 5 6 7 |  7.9
Staves         | 1 2 4 5 6 |  6.5
Air Magic      | 1 2 3 |  3.6
Dodging        | 2 |  2.6
Stealth        | 4 |  4.9
Invocations    | 1 2 3 4 |  4.5
Spellcasting   | 3 4 |  4.7
Fighting       | 1 2 |  2.1
Evocations     | 1 |  1.0
Polearms       | |  0.2
Conjurations   | |  1.0

Action                   |  1- 3 |  4- 6 |  7- 9 || total
-------------------------+-------+-------+-------++-------
Melee: Unarmed           |     3 |       |       ||     3
       Spear             |    50 |       |       ||    50
       Quarterstaff      |       |    76 |   177 ||   253
 Cast: Sting             |     9 |     2 |       ||    11
       Poisonous Vapours |    23 |    59 |    85 ||   167
       Mephitic Cloud    |     1 |       |     1 ||     2
       Olgreb's Toxic Ra |       |       |     1 ||     1
 Abil: Spit Poison       |     6 |     6 |     2 ||    14
Evoke: Deck              |       |       |     3 ||     3
       Wand              |       |       |     3 ||     3
  Use: Scroll            |     1 |       |    13 ||    14
       Potion            |     1 |       |     3 ||     4
 Stab: Sleeping          |     2 |     7 |     2 ||    11
       Confused          |     1 |       |     1 ||     2
       Petrifying        |       |     1 |       ||     1
       Invisible         |       |       |     3 ||     3
  Eat: Chunk             |     3 |    10 |     8 ||    21
       Ration            |       |       |     1 ||     1
Armor: Robe              |    11 |    25 |    31 ||    67
Dodge: Dodged            |    24 |    72 |    90 ||   186
       Deflected         |       |       |     7 ||     7

Table legend:
 A = Spawn XP
 B = Non-spawn XP
 C = Spawn XP percentage of total XP
 D = Spawn monster count
 E = Non-spawn monster count
 F = Spawn count percentage of total count
 G = Total turns spent on level
                    A         B        C        D         E        F      G
               +---------+---------+-------+---------+---------+-------+---------
         Total |       0 |    3327 |   0.0 |       0 |     175 |   0.0 |  7244
               +---------+---------+-------+---------+---------+-------+---------
           D:1 |       0 |      53 |   0.0 |       0 |      27 |   0.0 |  1159
           D:2 |       0 |      91 |   0.0 |       0 |      23 |   0.0 |  1008
           D:3 |       0 |     215 |   0.0 |       0 |      35 |   0.0 |  1424
           D:4 |       0 |     491 |   0.0 |       0 |      22 |   0.0 |   829
           D:5 |       0 |     967 |   0.0 |       0 |      24 |   0.0 |   965
           D:6 |       0 |     996 |   0.0 |       0 |      28 |   0.0 |  1346
           D:7 |       0 |     406 |   0.0 |       0 |       6 |   0.0 |   216
         Sewer |       0 |     108 |   0.0 |       0 |      10 |   0.0 |   297
               +---------+---------+-------+---------+---------+-------+---------
